AoeStats
← ogipochi_

Fortress

507752344Analyzed
3v3 RM · 13d ago on Sep 19, 2026· 37m 16s· 6 players
Game mode
Random Map
Map size
Large (8 player)
Population
200
Speed
Normal
Resources
Standard
Victory
Conquest
Starting age
Dark Age
Ending age
Imperial Age
RankedLock teamsTeams togetherTeam positionsShared explorationLock speedFull tech treeHidden civsTurbo modeCheats
Victory
Defeat
🇯🇵 Khitans · Japan
783
+16
🇲🇽 Maya · Mexico
774
+16
🇨🇿 Goths · Czechia
742
+18
🇱🇰 Turks · Sri Lanka
813
-18
🇦🇺 Britons · Australia
786
-17
🇮🇪 Italians · Ireland
743
-15
ogipochi_
6:30 Loom
8:41 Feudal Age
9:28 Double-Bit Axe
9:24 Domestication
9:35 Gold Mining
9:36 Stone Mining
9:37 Town Watch
10:54 Wheelbarrow
10:07 Town Watch
15:06 Castle Age
12:54 Town Watch
13:45 Forging
14:26 Man-at-Arms
14:53 Arson
15:12 Scale Mail Armor
19:01 Hand Cart
21:53 Iron Casting
25:08 Fletching
25:18 Padded Archer Armor
25:34 Chain Mail Armor
26:44 Thumb Ring
27:13 Bow Saw
26:29 Elite Skirmisher
28:52 Ballistics
29:40 Lamellar Armor
30:58 Leather Archer Armor
30:39 Bodkin Arrow
30:29 Treadmill Crane
30:46 Murder Holes
31:01 Fortified Wall
35:51 Imperial Age
33:33 Town Patrol
36:01 Squires
35:47 Gambesons
35:23 Long Swordsman
35:23 Pikeman
35:55 Capped Ram
35:59 Elite Liao Dao
36:59 Conscription
37:49 Chemistry
36:18 Two-Handed Swordsman
38:03 Plate Mail Armor
37:33 Bracer
38:04 Ring Archer Armor
Travis Ro
10:19 Feudal Age
16:51 Castle Age
15:12 Double-Bit Axe
15:24 Horse Collar
16:29 Gold Mining
21:11 Imperial Age
20:16 Forging
20:07 Scale Mail Armor
19:33 Eagle Warrior
22:23 Wheelbarrow
24:51 Squires
26:35 Hand Cart
27:26 Iron Casting
27:18 Heavy Plow
28:18 Conscription
28:37 Elite Eagle Warrior
31:00 Holcans
31:45 Blast Furnace
31:15 Chain Mail Armor
amx™ (SPREAD LOVE)
5:46 Loom
8:23 Feudal Age
8:50 Double-Bit Axe
13:48 Castle Age
12:37 Forging
12:22 Gold Mining
12:15 Horse Collar
14:49 Anarchy
17:47 Squires
26:01 Wheelbarrow
29:03 Pikeman
29:48 Scale Mail Armor
30:25 Iron Casting
37:12 Imperial Age
35:02 Hand Cart
35:11 Bow Saw
Vacationing
2:13 Loom
9:38 Feudal Age
11:04 Horse Collar
11:11 Double-Bit Axe
11:48 Town Watch
12:08 Fletching
13:01 Wheelbarrow
12:21 Gold Mining
15:13 Castle Age
17:04 Stone Mining
21:19 Heavy Plow
22:11 Fortified Wall
21:36 Man-at-Arms
22:41 Masonry
27:38 Imperial Age
24:53 Treadmill Crane
25:24 Masonry
26:13 Bow Saw
26:28 Bodkin Arrow
27:58 Hand Cart
28:48 Pirotechnia
30:49 Conscription
31:55 Chemistry
31:17 Ballistics
31:50 Bracer
34:02 Murder Holes
35:30 Thumb Ring
36:12 Elite Skirmisher
Sith Lord
8:53 Feudal Age
9:54 Horse Collar
10:01 Double-Bit Axe
12:33 Loom
15:07 Castle Age
13:58 Gold Mining
16:56 Bow Saw
16:50 Heavy Plow
22:03 Imperial Age
21:15 Wheelbarrow
grogu
9:21 Feudal Age
10:35 Double-Bit Axe
13:34 Castle Age
11:37 Gold Mining
12:44 Fletching
14:35 Bow Saw
14:49 Horse Collar
18:08 Heavy Plow
21:35 Wheelbarrow
24:50 Gold Shaft Mining
26:49 Imperial Age
24:59 Fortified Wall
25:43 Hand Cart
25:46 Stone Mining
26:25 Yeomen
26:34 Yeomen
26:51 Crossbowman
27:59 Conscription
31:09 Chemistry
30:28 Bodkin Arrow
32:18 Warwolf
33:39 Arbalester
Connection lost

Rejoining the realm…

Still unreachable

The connection could not be restored.

Session expired

The server has moved on; the page needs a fresh start.